 Dungeon Crawl Stone Soup version 0.22.1-6-g1668fe2 (console) character file.

203 erker the Slasher (level 5, -4/67 HPs)
             Began as a Minotaur Gladiator on Jan 30, 2019.
             Slain by Grinder (7 damage)
             ... while paralysed by Grinder
             ... on level 3 of the Dungeon.
             The game lasted 00:04:29 (1688 turns).

erker the Slasher (Minotaur Gladiator)              Turns: 1688, Time: 00:04:30

Health: -4/67      AC:  7    Str: 25    XL:     5   Next: 51%
Magic:  4/4        EV:  2    Int:  5    God:
Gold:   184        SH:  0    Dex: 11    Spells: 4/4 levels left

rFire    x . .     SeeInvis .   a - +0 long sword
rCold    + . .     Gourm    .   (no shield)
rNeg     . . .     Faith    .   m - +0 ring mail
rPois    .         Spirit   .   v - +2 hat
rElec    .         Reflect  .   (no cloak)
rCorr    .         Harm     +   (no gloves)
MR       .....                  (no boots)
Stlth    ..........             x - amulet of harm
HPRegen  0.21/turn              w - ring of ice
MPRegen  0.09/turn              (no ring)

@: paralysed, berserking
A: retaliatory headbutt, horns 2
a: no special abilities


You were on level 3 of the Dungeon.
You were not hungry.

You visited 1 branch of the dungeon, and saw 3 of its levels.

You collected 184 gold pieces.

Inventory:

Hand Weapons
 a - a +0 long sword (weapon)
 C - a +1 short sword of protection
Missiles
 d - 3 throwing nets (quivered)
 h - 49 arrows
 B - 7 tomahawks
Armour
 m - a +0 ring mail (worn)
 v - a +2 hat (worn)
Jewellery
 w - a ring of ice (left hand)
 x - an amulet of harm (around neck)
Scrolls
 j - 3 scrolls of remove curse {unknown}
 k - 2 scrolls of magic mapping {unknown}
 l - a scroll of enchant armour {unknown}
 o - a scroll of teleportation {unknown}
 p - 2 scrolls of amnesia {unknown}
 q - a scroll of fear {unknown}
 s - a scroll of blinking {unknown}
 t - 2 scrolls of fog {unknown}
 u - a scroll of noise {unknown}
 y - a scroll of enchant weapon {unknown}
 D - a scroll of immolation
Potions
 b - 2 potions of berserk rage
 c - a potion of curing {unknown}
 e - a potion of flight {unknown}
 g - a potion of invisibility {unknown}
 i - a potion of haste {unknown}
 n - a potion of lignification {unknown}
 z - a potion of agility {unknown}
 A - a potion of ambrosia {unknown}
Comestibles
 f - 4 rations
 r - 13 chunks of flesh


   Skills:
 + Level 3.3 Fighting
 + Level 5.3 Long Blades
 - Level 2.0 Throwing
 + Level 2.2 Armour
 * Level 4.9 Dodging


You had 4 spell levels left.
You didn't know any spells.
Your spell library was empty.

Dungeon Overview and Level Annotations

Branches:
Dungeon (3/15)

Altars:

Annotations:
D:3 Grinder


Innate Abilities, Weirdness & Mutations

You reflexively headbutt those who attack you in melee.
You have a pair of horns on your head.


Message History

* * * LOW HITPOINT WARNING * * *
You writhe in agony.
* * * LOW HITPOINT WARNING * * *
You completely miss Grinder. Your headbutt misses Grinder.
Grinder is severely wounded.
Grinder says, "I used to sell toenails on the black market."
Grinder gestures at you.
You suddenly lose the ability to move!
Grinder hits you.
* * * LOW HITPOINT WARNING * * *
You writhe in agony.
* * * LOW HITPOINT WARNING * * *
Grinder hits you but does no damage.
Grinder says, "Just stop there for a second..."
Grinder gestures at you.
You barely resist. Grinder hits you.
* * * LOW HITPOINT WARNING * * *
You writhe in agony.
You die...

#.######.# #......
#......#.# #......
######.#.####......
#.#....)......
#.#.........##
#####.#.........#
#.....#§#########
#.###.......#####
#@# #....§§§#§§§##
#5# #.....§§#§§§#.
..# ###.###§#§§§#§
#### #.###§##§##§
#..§§§§§§§§§
#####§§§§§§§
#§§§§§§§ #.......
#.......


You could see Grinder.

Vanquished Creatures
  The ghost of emiel the Chucker, a weakling DsHu (D:3)
  An orc priest (D:3)
  Natasha (twice) (D:2)
  A hound zombie (D:3)
  An adder (D:2)
  2 worms
  2 leopard geckos (D:2)
  9 orcs (D:3)
  2 giant cockroaches (D:2)
  5 hobgoblins
  4 jackals (D:2)
  A ball python (D:1)
  5 bats
  2 frilled lizards (D:2)
  7 goblins
  2 kobolds
  4 rats
51 creatures vanquished.

Notes
Turn   | Place    | Note
-------+----------+-------------------------------------------
     0 | D:1      | erker the Minotaur Gladiator began the quest for the Orb.
     0 | D:1      | Reached XP level 1. HP: 18/18 MP: 0/0
   826 | D:2      | Reached XP level 2. HP: 25/25 MP: 1/1
   880 | D:2      | Reached skill level 4 in Long Blades
  1006 | D:2      | Reached XP level 3. HP: 21/30 MP: 2/2
  1020 | D:2      | Noticed Natasha
  1040 | D:2      | Killed Natasha
  1040 | D:2      | Reached skill level 1 in Armour
  1223 | D:2      | Noticed Natasha
  1233 | D:2      | Killed Natasha
  1233 | D:2      | Reached XP level 4. HP: 29/38 MP: 3/3
  1542 | D:3      | Reached XP level 5. HP: 38/45 MP: 4/4
  1548 | D:3      | Found a runed door.
  1560 | D:3      | Noticed emiel's ghost (weakling DsHu)
  1576 | D:3      | Killed emiel's ghost
  1576 | D:3      | Reached skill level 5 in Long Blades
  1676 | D:3      | Noticed Grinder
  1684 | D:3      | Paralysed by Grinder for 6 turns
  1688 | D:3      | HP: 3/67 [Grinder (4)]
  1688 | D:3      | Slain by Grinder

Skill      XL: |  1  2  3  4  5 |
---------------+----------------+-----
Long Blades    | 4 5 |  5.3
Dodging        | 4 |  4.9
Armour         | 1 2 |  2.2
Fighting       | 3 |  3.3
Throwing       | |  2.0

Action                   |  1- 3 |  4- 6 || total
-------------------------+-------+-------++-------
Melee: Long sword        |    56 |    55 ||   111
       Headbutt          |     9 |     7 ||    16
  Use: Potion            |       |     1 ||     1
  Eat: Chunk             |     1 |     2 ||     3
Armor: Ring mail         |    17 |    13 ||    30
Dodge: Dodged            |    56 |    33 ||    89
       Rpst.: Long sword |    18 |    11 ||    29
